 Dungeon Crawl Stone Soup version 0.29.1-2-gbd0b4ee654 (webtiles) character file.

Game seed: 17548879942249912266

2871 leafyfresh the Thaumaturge (level 10, -15/69 HPs)
             Began as a Djinni Ice Elementalist on Nov 14, 2022.
             Hit by a large rock thrown by a cyclops (32 damage)
             ... on level 7 of the Dungeon on Nov 15, 2022.
             The game lasted 00:35:25 (12012 turns).

leafyfresh the Thaumaturge (DjIE)                  Turns: 12012, Time: 00:35:25

Health: -15/69     AC:  3    Str:  7    XL:     10   Next: 5%
Gold:   2377       EV: 16    Int: 20    God:
                   SH:  0    Dex: 17

rFire   + + +      SeeInvis .   D - +1 falchion of the Bespelling Priest {venom, rF+ rN+ rCorr Dex+2}
rCold   x . .      Faith    .   (no shield)
rNeg    + . .      Spirit   .   a - +1 robe
rPois   ∞          Reflect  .   (no helmet)
rElec   .          Harm     .   (no cloak)
rCorr   +          Rampage  .   (no gloves)
Will    ++...                   (boots unavailable)
Stlth   ++........              (no amulet)
HPRegen 0.21/turn               B - ring of willpower
MPRegen 0.00/turn               (no ring)

@: about to teleport, flying, unable to read
A: sickness immunity, fire resistance 2, cold vulnerability 1, float, innate
caster, HP casting, extra vitality 1, inability to read after injury 1
a: no special abilities


You were on level 7 of the Dungeon.
You visited 2 branches of the dungeon, and saw 8 of its levels.

You collected 3543 gold pieces.
You spent 1166 gold pieces at shops.

Inventory:

Hand Weapons
 c - a +2 dagger
 i - a +0 club
 m - a +3 mace of protection
 t - a +3 spear
 D - the +1 falchion of the Bespelling Priest (weapon) {venom, rF+ rN+ rCorr Dex+2}
   (You bought it in a shop on level 6 of the Dungeon)

   It poisons the flesh of those it strikes.
   Dex:       It affects your dexterity (+2).
   rF:        It protects you from fire.
   rN:        It protects you from negative energy.
   rCorr:     It protects you from acid and corrosion.
Missiles
 s - 2 poisoned darts
Armour
 a - a +1 robe (worn)
Jewellery
 j - an amulet of guardian spirit
 B - a ring of willpower (left hand)
Wands
 o - a wand of paralysis (14)
 v - a wand of mindburst (6)
 z - a wand of polymorph (4)
Scrolls
 e - a scroll of brand weapon {unknown}
 f - a scroll of vulnerability
 h - 3 scrolls of immolation
 k - 6 scrolls of teleportation
 n - 2 scrolls of torment {unknown}
 p - a scroll of amnesia {unknown}
 u - a scroll of summoning {unknown}
 w - 3 scrolls of fear
 y - a scroll of butterflies {unknown}
 A - a scroll of magic mapping
Potions
 d - a potion of attraction {unknown}
 g - 3 potions of invisibility
 l - 2 potions of brilliance
 q - a potion of flight {unknown}
 r - a potion of cancellation {unknown}
 C - 2 potions of curing


   Skills:
 - Level 4.8 Fighting
 - Level 7.9 Dodging
 - Level 1.5 Stealth
 + Level 8.4 Spellcasting


You had 5 spell levels left.
You knew the following spells:

 Your Spells              Type           Power      Damage    Failure   Level
a - Freeze                Ice            100%       1d11      1%          1
b - Frozen Ramparts       Ice            84%        1d13      1%          3
c - Ozocubu's Armour      Ice            42%        N/A       1%          3
d - Hailstorm             Conj/Ice       42%        3d10      2%          4
e - Magic Dart            Conj           100%       1d8       1%          1
f - Poisonous Vapours     Pois/Air       84%        N/A       1%          2
g - Teleport Other        Tloc           42%        N/A       1%          3
h - Stone Arrow           Conj/Erth      84%        3d12      1%          3
Your spell library was empty.

Dungeon Overview and Level Annotations

Branches:
Dungeon (7/15)             Temple (1/1) D:7

Altars:
Ashenzari
Cheibriados
Dithmenos
Gozag
Hepliaklqana
Nemelex Xobeh
Qazlal
Ru
Trog
Zin
The Shining One

Shops:
D:3 ?   D:6 (

Annotations:
D:5 1 runed translucent door, bullfish's ghost, novice DrGl


Innate Abilities, Weirdness & Mutations

You are immune to sickness and miasma.
You are immune to poison.
Your flesh is very heat resistant. (rF++)
You are vulnerable to cold. (rC-)
You float through the air rather than walking.
You learn spells naturally, not from books.
Your magical power is your life essence.
You have superior vitality. (+4 MHP)
You occasionally lose the ability to read scrolls when taking damage.


Message History

Confirm with . or Enter, or press ? or * to list all spells.
Aiming: Stone Arrow (safe; 1% risk of failure)
Press: ? - help, Shift-Dir - straight line, f/p - large slime creature
Aim: a large slime creature (heavily wounded, 94% to hit)
The stone arrow hits the large slime creature!!
The large slime creature is severely wounded.
The wall freezes the large slime creature.
The large slime creature hits you!
A cyclops comes into view.
Casting: Stone Arrow (safe; 1% risk of failure)
Confirm with . or Enter, or press ? or * to list all spells.
Aiming: Stone Arrow (safe; 1% risk of failure)
Press: ? - help, Shift-Dir - straight line, f/p - large slime creature
Aim: a large slime creature (severely wounded, 94% to hit)
The stone arrow hits the large slime creature!
The large slime creature is almost dead.
The cyclops shouts!
The wall freezes the large slime creature!
The large slime creature hits you!
* * * LOW HITPOINT WARNING * * *
Unknown command.
Casting: Stone Arrow (safe; 1% risk of failure)
Confirm with . or Enter, or press ? or * to list all spells.
Aiming: Teleport Other (safe; 1% risk of failure)
Press: ? - help, Shift-Dir - straight line, f/p - large slime creature
Aim: a large slime creature (almost dead, chance to affect: 58%)
The large slime creature resists with significant effort.
* * * LOW HITPOINT WARNING * * *
The wall freezes the large slime creature!
You kill the large slime creature!
Your Spellcasting skill increases to level 8!
You have reached level 10!
Your frozen ramparts will break if you move.
Continue?
Okay, then.
Unknown command.
As you read the scroll of teleportation, it crumbles to dust.
You feel strangely unstable.
The frozen ramparts melt away.
The cyclops throws a large rock.
The large rock hits you!!
You feel threatened and lose the ability to read scrolls!
You die...

. . '# #' #.
C# .♣. ...
#.# #.# #.#
#.# #@#
#.#####.#####
#.#.........#
#.#.#'###+#.#
#.#)#.....#
#.#.###'###
.......#
#...'†.[..+
.......#
#.#.###+###
.......#
#.#.#


You could see a cyclops.

Vanquished Creatures
  A slime creature (D:7)
  Sigmund (D:2)
  Menkaure (D:6)
  A sky beast (D:6)
  2 ice beasts (D:7)
  2 ogres (D:7)
  A centaur (D:6)
  2 bullfrogs (D:7)
  3 necrophages
  4 scorpions
  8 wights
  A howler monkey (D:7)
  A crimson imp (D:4)
  4 hounds
  2 jellies
  An orc priest (D:5)
  4 iguanas
  Jessica (D:2)
  2 orc wizards (D:4)
  15 adders
  A gnoll (D:4)
  A shadow imp (D:6)
  5 white imps
  An ufetubus (D:6)
  A worm (D:3)
  3 dart slugs
  13 orcs
  5 bats
  5 endoplasms
  A giant cockroach (D:3)
  5 goblins
  4 hobgoblins
  2 jackals (D:4)
  4 quokkas
  4 ball pythons
  3 frilled lizards
  8 kobolds
  4 rats
127 creatures vanquished.

Vanquished Creatures (others)
  2 fungi (D:7)
  3 plants (D:1)
  2 withered plants (D:5)
7 creatures vanquished.

Grand Total: 134 creatures vanquished

Notes
Turn   | Place    | Note
-------+----------+-------------------------------------------
     0 | D:1      | leafyfresh the Djinni Ice Elementalist began the quest for
                  | the Orb.
     0 | D:1      | leafyfresh set off with the following spells memorised:
                  | Freeze, Frozen Ramparts, Ozocubu's Armour, Hailstorm.
     0 | D:1      | Reached XP level 1. HP: 15/15 MP: 0/0
   490 | D:1      | Reached XP level 2. HP: 21/21 MP: 0/0
  1164 | D:1      | Reached XP level 3. HP: 24/25 MP: 0/0
  1164 | D:1      | Learned a level 1 spell: Magic Dart
  1666 | D:2      | Noticed Jessica
  1675 | D:2      | Killed Jessica
  1676 | D:2      | Reached XP level 4. HP: 13/31 MP: 0/0
  2009 | D:2      | Noticed Sigmund
  2071 | D:2      | Killed Sigmund
  2072 | D:2      | Reached skill level 4 in Spellcasting
  2072 | D:2      | Reached XP level 5. HP: 3/35 MP: 0/0
  2072 | D:2      | Learned a level 2 spell: Poisonous Vapours
  2072 | D:2      | Reached XP level 6. HP: 3/40 MP: 0/0
  2729 | D:2      | Reached skill level 5 in Dodging
  3339 | D:3      | Found Vekef's Magic Scroll Shop.
  3347 | D:3      | Bought a scroll of identify for 24 gold pieces
  3347 | D:3      | Bought a scroll of teleportation for 36 gold pieces
  4484 | D:4      | Reached XP level 7. HP: 42/45 MP: 0/0
  4484 | D:4      | Learned a level 3 spell: Teleport Other
  4828 | D:5      | Entered Level 5 of the Dungeon
  4835 | D:5      | Reached skill level 5 in Spellcasting
  5197 | D:5      | Found a sacrificial altar of Ru.
  5205 | D:5      | Reached skill level 1 in Fighting
  5499 | D:5      | Found a runed translucent door.
  5499 | D:5      | Noticed bullfish's ghost (novice DrGl)
  5518 | D:5      | You are sucked into a shaft and drop 1 floor!
  6014 | D:6      | Found a hazy altar of Hepliaklqana.
  6067 | D:6      | Noticed Menkaure
  6097 | D:6      | Killed Menkaure
  6098 | D:6      | Reached XP level 8. HP: 3/55 MP: 0/0
  7124 | D:6      | Found Koiral's Antique Weapon Emporium.
  8182 | D:4      | Identified 2 scrolls of acquirement
  8182 | D:4      | Acquired 1139 gold pieces
  8239 | D:4      | Reached skill level 6 in Spellcasting
  8590 | D:4      | Reached XP level 9. HP: 57/63 MP: 0/0
  8590 | D:4      | Learned a level 3 spell: Stone Arrow
  9649 | D:3      | Bought a scroll of acquirement for 624 gold pieces
  9649 | D:3      | Bought a scroll of teleportation for 36 gold pieces
  9649 | D:3      | Acquired 939 gold pieces
  9651 | D:3      | Acquired 1105 gold pieces
  9653 | D:3      | Bought a scroll of teleportation for 36 gold pieces
  9653 | D:3      | Bought a scroll of immolation for 48 gold pieces
  9653 | D:3      | Bought a scroll of vulnerability for 48 gold pieces
  9653 | D:3      | Bought a scroll of magic mapping for 90 gold pieces
 10876 | D:6      | Bought an iridescent falchion for 224 gold pieces
 10876 | D:6      | Identified the +1 falchion of the Bespelling Priest {venom,
                  | rF+ rN+ rCorr Dex+2} (You bought it in a shop on level 6 of
                  | the Dungeon)
 11064 | D:7      | Found a broken altar of Ashenzari.
 11369 | D:7      | Reached skill level 7 in Spellcasting
 11372 | D:7      | Gained mutation: You occasionally lose the ability to read
                  | scrolls when taking damage. [potion of mutation]
 11518 | D:7      | Found a staircase to the Ecumenical Temple.
 11543 | Temple   | Entered the Ecumenical Temple
 11543 | Temple   | Found a transporter.
 11543 | Temple   | Found a transporter.
 11545 | Temple   | Found a transporter.
 11545 | Temple   | Found a transporter.
 11832 | D:7      | Found a stormy altar of Qazlal.
 12001 | D:7      | Noticed a slime creature
 12002 | D:7      | Noticed a slime creature
 12009 | D:7      | Noticed a cyclops
 12011 | D:7      | Killed a large slime creature
 12012 | D:7      | Reached skill level 8 in Spellcasting
 12012 | D:7      | Reached XP level 10. HP: 17/69 MP: 0/0
 12012 | D:7      | Hit by a large rock thrown by a cyclops

Illustrated notes

Levels and vault maps discovered:
D:1:      wheals_arrival_shading, layout_loops_corners, minmay_misc_feat_cross,
          serial_bayou_pond_a
D:2:      layout_loops_ring, uniq_jessica, uniq_sigmund
D:3:      layout_loops_ring, serial_shops, nicolae_shop_waterfront, minivault_11
D:4:      minmay_wonky_spiral, layout_basic, kennysheep_orc_sif_temple,
          roderic_lattice_a, minmay_fire_ice_demons
D:5:      layout_basic, nicolae_ru_sacrificial_ziggurat, gammafunk_ghost_grave
D:6:      layout_layer_cave, nicolae_hepliaklqana_hippocampus,
          nicolae_inconvenience_store, due_unseen_surprise, uniq_menkaure
D:7:      layout_cave_pods, grunt_temple_overflow_forces_of_nature,
          nicolae_uskayaw_dance_hall, mainiacjoe_overflow_boulevard,
          mainiacjoe_overflow_brackets, minmay_temple_entry_tees, serial_shops,
          shop, minmay_the_grid_2x2 [minmay_the_grid_spikes,
          minmay_the_grid_diamond_grid, minmay_the_grid_doors,
          minmay_the_grid_prize_four_corners]
Temple:   hellmonk_temple_divided_pantheon

Skill      XL: |  1  2  3  4  5  6  7  8  9 |
---------------+----------------------------+-----
Dodging        | 3 4 5 6 7 |  7.9
Spellcasting   | 4 5 6 8 |  8.4
Fighting       | 2 4 |  4.8
Stealth        | |  1.5

Action                   |  1- 3 |  4- 6 |  7- 9 | 10-12 || total
-------------------------+-------+-------+-------+-------++-------
Melee: Unarmed           |    27 |    28 |       |       ||    55
       Punch             |     1 |     3 |       |       ||     4
       Mace              |       |    81 |    76 |       ||   157
       Club              |       |     5 |       |       ||     5
       Falchion          |       |       |     1 |       ||     1
 Cast: Freeze            |    29 |    13 |    13 |       ||    55
       Frozen Ramparts   |     1 |    10 |    40 |       ||    51
       Ozocubu's Armour  |     1 |     1 |    19 |       ||    21
       Magic Dart        |       |     5 |    67 |       ||    72
       Hailstorm         |       |     1 |     4 |       ||     5
       Teleport Other    |       |       |     6 |       ||     6
       Stone Arrow       |       |       |    35 |       ||    35
       Poisonous Vapours |       |       |     1 |       ||     1
  Use: Potion            |       |     1 |     6 |       ||     7
       Scroll            |       |     4 |     7 |     1 ||    12
 Stab: Sleeping          |     6 |     5 |     1 |       ||    12
Armor: Robe              |     7 |    41 |    48 |       ||    96
Dodge: Dodged            |    31 |   120 |   126 |       ||   277
